 Dungeon Crawl Stone Soup version 0.16.0-16-g311141a (webtiles) character file.

30456 Xorborg the Lord of Darkness (level 13, -9/110 HPs)
             Began as a Deep Dwarf Necromancer on Mar 19, 2015.
             Was the Champion of Kikubaaqudgha.
             Mangled by a troll (17 damage)
             ... while paralysed by an ogre mage
             ... on level 4 of the Orcish Mines.
             The game lasted 04:36:56 (22687 turns).

Xorborg the Lord of Darkness (DDNe)                Turns: 22687, Time: 04:36:57

Health: -9/110     AC: 13    Str: 13    XL:     13   Next: 20%
Magic:  29/31      EV:  2    Int: 21    God:    Kikubaaqudgha [******]
Gold:   1894       SH:  0    Dex: 14    Spells: 8 memorised, 9 levels left

rFire  + . .     SeeInvis .     j - +1 hand axe (vamp)
rCold  . . .     Clarity  .     u - +2 robe {rF+}
rNeg   + . .     SustAb   .     F - +0 buckler
rPois  .         Gourm    .     y - +0 helmet
rElec  .         Spirit   .     N - +2 cloak
rCorr  .         Warding  +     J - +2 pair of gloves
rMut   .         Stasis   .     (no boots)
MR     +....                    I - amulet of warding
Stlth  ++++++....               B - ring of stealth
                                W - ring of wizardry

@: paralysed, non-regenerating, somewhat resistant to hostile enchantments, very
stealthy
A: damage resistance, recharge devices, large bone plates 1, sense surroundings
2, slow healing 3, strong 1
a: Device Recharging, Receive Corpses, Torment, Renounce Religion


You were on level 4 of the Orcish Mines.
You worshipped Kikubaaqudgha.
Kikubaaqudgha was exalted by your worship.
You were not hungry.

You visited 3 branches of the dungeon, and saw 21 of its levels.

You collected 1989 gold pieces.
You spent 95 gold pieces at shops.

Inventory:

Hand weapons
 e - a cursed -2 spear
 j - a +1 vampiric hand axe (weapon)
 A - a +3 spear of freezing
Missiles
 z - 8 javelins of penetration (quivered)
Armour
 p - a +2 robe of cold resistance
 u - a +2 robe of fire resistance (worn)
 y - a +0 helmet (worn)
 F - a +0 buckler (worn)
 G - a +0 robe of positive energy
 H - a +1 robe of positive energy
 J - a +2 pair of gloves (worn)
 N - a +2 cloak (worn)
Magical staves
 D - an uncursed staff of cold
Jewellery
 v - an uncursed amulet of stasis
 B - a ring of stealth (right hand)
 I - an amulet of warding (around neck)
 M - an uncursed ring of protection from fire
 W - a ring of wizardry (left hand)
Magical devices
 c - a wand of heal wounds (4)
 g - a wand of frost (0)
 m - a wand of lightning (1)
 o - a wand of magic darts (16)
 s - a wand of teleportation (3)
 t - a wand of fire (0)
 O - a wand of disintegration (8)
 V - a wand of slowing (26)
 Y - a wand of draining (2)
Scrolls
 i - 2 scrolls of magic mapping
 n - 3 scrolls of identify
 q - 3 scrolls of teleportation
 C - 10 scrolls of remove curse
 Q - 2 scrolls of recharging
Potions
 a - a potion of decay {unknown}
 f - 2 potions of curing
 k - 3 potions of might {unknown}
 r - a potion of magic {unknown}
 x - a potion of haste
 E - 2 potions of brilliance
 T - 3 potions of restore abilities
 Z - a potion of agility
Miscellaneous
 b - a phial of floods
 L - a plain deck of defence
Comestibles
 d - 3 bread rations
 h - 10 fruits
 l - 5 royal jellies
 w - 2 chunks of flesh
 X - a beef jerky


   Skills:
 * Level 5.5 Fighting
 - Level 2.5(3.0) Axes
   Level 0.2(1.4) Maces & Flails
 - Level 1.5(2.1) Polearms
 + Level 0.3 Throwing
 + Level 2.7 Armour
 + Level 7.1 Dodging
 * Level 11.2 Stealth
 + Level 3.7 Shields
 * Level 11.7 Spellcasting
 * Level 13.3 Necromancy
 + Level 1.4 Translocations
 + Level 1.3 Evocations


You had 9 spell levels left.
You knew the following spells:

 Your Spells              Type           Power        Failure   Level  Hunger
a - Pain                  Necr           ####         1%          1    None
b - Animate Skeleton      Necr           N/A          1%          1    None
c - Vampiric Draining     Necr           ######....   1%          3    None
d - Animate Dead          Necr           N/A          1%          4    #......
e - Control Undead        Necr           ######....   1%          4    #......
f - Dispel Undead         Necr           ######..     1%          5    ####...
g - Cigotuvi's Embrace    Necr           ######....   1%          5    ####...
h - Teleport Other        Tloc           ###.....     4%          3    None


Dungeon Overview and Level Annotations

Branches:
Dungeon (11/15)            Temple (0/1) D:7            Lair (6/8) D:11
  Swamp (0/5) Lair:6       Spider (0/5) Lair:4        Slime (0/6) Lair:6
    Orc (4/4) D:10            Elf (0/3) Orc:4

Altars:
Dithmenos
Kikubaaqudgha
Nemelex Xobeh
Okawaru
Qazlal
Sif Muna
Trog
Vehumet
Beogh

Shops:
D:4 *   D:7 [   Orc:4 (

Annotations:
D:2 Terence
D:10 Harold
Lair:5 exclusion: oklob plant


Innate Abilities, Weirdness & Mutations

You are resistant to damage.
You can recharge devices by infusing magical energy.
You passively map the area around you.
You do not heal naturally.
You are partially covered in large bone plates (AC +2, SH +2).
Your muscles are strong. (Str +2)


Message History

The ogre mage hits you with a whip!
A two-headed ogre comes into view. It is wielding two giant clubs.
The troll bites you. The troll claws you. The troll barely misses you.
The ogre mage hits you but does no damage.
The two-headed ogre hits you with a giant club!!
The two-headed ogre hits you with a giant spiked club!!
A troll comes into view.
The ogre mage gestures at the two-headed ogre while chanting.
The two-headed ogre seems to speed up.
The troll bites you!
* * * LOW HITPOINT WARNING * * *
The troll claws you but does no damage. The troll completely misses you.
The two-headed ogre hits you with a giant club!!
* * * LOW HITPOINT WARNING * * *
The two-headed ogre hits you with a giant spiked club.
The ogre mage hits you but does no damage.
The two-headed ogre shouts in stereo!
A troll comes into view.
The troll bites you!!
You die...
Kikubaaqudgha rasps: "You have failed me!
Welcome... death!" ...#.........# CC..

,, ..###.......## ..... * .##
##.......#### *......, *
#######.........#####.......
#.##.##.........##.#O..T....
.....#......##.##...#..T....,
...............)##OC.O.......
........Z.#.....O#OOOO......#
........#.####..@OOT........#
......Z.#.# ###T#TO.....#.#*
........### #####.....#
......##.# #....## ......####
##.### ......# ## ##....#
######


You could see an ogre mage, a cyclops, 5 trolls, 4 two-headed ogres and 4 ogres.

Vanquished Creatures
  Maud (Lair:5)
  Fannar (Orc:3)
  Nessos (Orc:3)
  An orc high priest (Orc:2)
  Nergalle (D:10)
  2 orc knights
  2 orc sorcerers
  2 black mambas
  3 elephants (Lair:6)
  2 spiny frogs
  3 komodo dragons
  4 blink frogs
  A two-headed ogre (D:9)
  3 basilisks (D:11)
  A shadow (D:11)
  2 trapdoor spiders (Lair:4)
  6 hippogriffs
  Eustachio (D:5)
  2 deep elf magi
  26 yaks
  Grum (D:9)
  2 hungry ghosts (D:9)
  A mottled dragon (D:10)
  A necrophage (D:11)
  A warg (Orc:2)
  8 wolves
  10 porcupines
  5 water moccasins
  13 orc warriors
  An ice beast (D:11)
  2 sky beasts
  8 crocodiles
  A black bear (D:10)
  2 centaurs
  5 ogres
  A phantom (D:4)
  A big kobold (D:4)
  11 giant frogs
  6 scorpions
  7 killer bees
  An electric eel (Lair:3)
  4 wights
  2 crimson imps
  A giant frog zombie (D:8)
  A centaur zombie (D:7)
  A goliath beetle (D:7)
  6 jellies
  24 orc wizards
  Crazy Yiuf (D:7)
  5 hounds
  2 centaur skeletons (D:9)
  3 giant frog skeletons
  25 orc priests
  6 spectral orcs (D:10)
  3 iguanas
  7 worker ants
  A killer bee zombie (D:5)
  4 sheep (Lair:5)
  Ijyb (D:7)
  A mummy (D:10)
  2 hound zombies (D:5)
  Robin (D:2)
  27 river rats
  15 adders
  8 gnolls
  3 worms
  A shadow imp (D:9)
  An adder skeleton (D:8)
  2 oozes (Lair:6)
  145 orcs
  2 bat skeletons
  7 giant cockroaches
  30 goblins
  19 hobgoblins
  10 jackals
  11 kobolds
  10 quokkas
  3 ball pythons
  19 bats
  A giant cockroach zombie (D:6)
  7 giant geckos
  A giant gecko skeleton (D:6)
  10 giant newts
  A giant spore (D:11)
  A jackal skeleton (D:8)
  16 rats
  A fungus (Lair:6)
605 creatures vanquished.

Vanquished Creatures (collateral kills)
  2 cyclopes (D:11)
  A hill giant (D:11)
  3 black mambas
  A spiny frog (Lair:5)
  A komodo dragon (Lair:6)
  A blink frog (Lair:4)
  2 basilisks (D:11)
  A two-headed ogre (D:9)
  2 trapdoor spiders (Lair:4)
  4 yaks
  A spriggan (Lair:2)
  2 hippogriffs
  4 wolves
  3 porcupines
  4 water moccasins
  2 orc warriors
  7 ogres
  An ice beast (D:5)
  2 crocodiles
  A boring beetle (Lair:2)
  A centaur (D:9)
  A goliath beetle (D:9)
  2 giant frogs
  2 scorpions
  5 killer bees
  A quasit (D:4)
  2 jellies
  A hound (Lair:4)
  7 orc priests
  2 worker ants
  13 orc wizards
  2 iguanas
  11 sheep (Lair:5)
  3 gnolls
  2 adders
  15 river rats
  A worm (D:3)
  An ooze (Lair:6)
  58 orcs
  A ball python (D:2)
  5 hobgoblins
  A quokka (Lair:4)
  A giant gecko skeleton (D:5)
  4 goblins
  An orc zombie (D:8)
  3 ballistomycetes (D:11)
  A fungus (Lair:5)
  5 plants
197 creatures vanquished.

Vanquished Creatures (others)
  2 blink frogs (Lair:6)
  2 elephant zombies (Lair:6)
  A human (D:2)
  2 giant frogs (Lair:6)
  A hippogriff zombie (D:11)
  3 water moccasin zombies
  7 yak zombies
  3 spriggan skeletons (D:9)
  A centaur zombie (D:10)
  A hippogriff skeleton (D:8)
  4 wolf zombies
  A wolf skeleton (Lair:6)
  3 giant frog zombies
  A basilisk zombie (D:11)
  An orc wizard (D:10)
  A porcupine zombie (Lair:1)
  2 killer bee zombies (D:11)
  A crocodile zombie (D:11)
  6 ogre zombies
  A crocodile skeleton (D:11)
  A hound zombie (D:9)
  5 worker ant zombies
  3 scorpion zombies
  A human skeleton (D:5)
  8 goblin zombies
  2 adder zombies
  4 sheep zombies (Lair:5)
  An adder skeleton (D:6)
  3 bat skeletons
  A bat zombie (D:8)
  5 gnoll zombies (D:7)
  10 river rat zombies
  A ball python skeleton (D:5)
  2 giant gecko skeletons
  A giant newt skeleton (D:2)
  2 giant spores
  2 gnoll skeletons (D:5)
  6 goblin skeletons
  2 hobgoblin skeletons
  2 hobgoblin zombies
  3 jackal skeletons (D:2)
  A kobold skeleton (D:2)
  2 kobold zombies
  11 orc skeletons
  73 orc zombies
  A rat skeleton (D:1)
  A ballistomycete (D:11)
  3 fungi (D:7)
  2 plants (D:11)
203 creatures vanquished.

Grand Total: 1005 creatures vanquished

Notes
Turn   | Place    | Note
--------------------------------------------------------------
     0 | D:1      | Xorborg, the Deep Dwarf Necromancer, began the quest for the Orb.
     0 | D:1      | Reached XP level 1. HP: 15/15 MP: 2/2
    45 | D:1      | Learned a level 1 spell: Animate Skeleton
   298 | D:1      | Reached XP level 2. HP: 22/22 MP: 0/3
   963 | D:2      | Noticed Terence
   967 | D:2      | Found an ancient bone altar of Kikubaaqudgha.
   983 | D:2      | Noticed Robin
  1252 | D:2      | Reached XP level 3. HP: 25/28 MP: 0/6
  1356 | D:2      | Learned a level 3 spell: Vampiric Draining
  1400 | D:2      | Found an ancient bone altar of Kikubaaqudgha.
  1400 | D:2      | Noticed a human
  1404 | D:2      | Killed a human
  1409 | D:2      | Became a worshipper of Kikubaaqudgha
  1571 | D:2      | Found a deep blue altar of Sif Muna.
  1683 | D:2      | Reached skill level 5 in Necromancy
  1755 | D:2      | Reached XP level 4. HP: 18/36 MP: 2/8
  1858 | D:2      | Killed Robin
  2192 | D:2      | Acquired Kikubaaqudgha's first power
  2192 | D:2      | Received a gift from Kikubaaqudgha
  2195 | D:2      | Identified Kikubaaqudgha's Guide on Sinister Arts (Kikubaaqudgha gifted it to you on level 2 of the Dungeon)
  2551 | D:3      | Reached XP level 5. HP: 18/42 MP: 1/11
  3035 | D:3      | You fall through a shaft for 3 floors!
  3041 | D:5      | Entered Level 5 of the Dungeon
  3236 | D:5      | Noticed an orc warrior
  3273 | D:5      | Gained mutation: You expend magic power (3 MP) to slightly strengthen your wands. [potion of mutation]
  3273 | D:5      | Gained mutation: You are partially covered in large bone plates (AC +2, SH +2). [potion of mutation]
  3273 | D:5      | Gained mutation: You are frail (-10% HP). [potion of mutation]
  3276 | D:5      | Killed an orc warrior
  3276 | D:5      | Reached XP level 6. HP: 10/45 MP: 0/13
  3289 | D:5      | Acquired Kikubaaqudgha's second power
  3390 | D:5      | Gained mutation: You are dopey. (Int -2) [potion of mutation]
  3390 | D:5      | Gained mutation: You are agile. (Dex +2) [potion of mutation]
  3392 | D:5      | Lost mutation: You are frail (-10% HP). [potion of cure mutation]
  3392 | D:5      | Lost mutation: You expend magic power (3 MP) to slightly strengthen your wands. [potion of cure mutation]
  3392 | D:5      | Lost mutation: You are dopey. (Int -2) [potion of cure mutation]
  3392 | D:5      | Lost mutation: You are agile. (Dex +2) [potion of cure mutation]
  3392 | D:5      | Lost mutation: You are partially covered in large bone plates (AC +2, SH +2). [potion of cure mutation]
  3449 | D:5      | Found a sparkling altar of Nemelex Xobeh.
  3595 | D:4      | Found Ukkitah's Assorted Antiques.
  3626 | D:4      | Reached skill level 6 in Necromancy
  3626 | D:4      | Reached XP level 7. HP: 54/56 MP: 2/17
  4127 | D:4      | Reached skill level 1 in Armour
  4274 | D:4      | Reached skill level 1 in Polearms
  4383 | D:4      | Bought a dented bone amulet for 95 gold pieces
  4464 | D:4      | Reached skill level 5 in Stealth
  4464 | D:4      | Reached skill level 5 in Spellcasting
  4556 | D:4      | Received a gift from Kikubaaqudgha
  4557 | D:4      | Identified Kikubaaqudgha's Grimoire of Dark Rituals (Kikubaaqudgha gifted it to you on level 4 of the Dungeon)
  4813 | D:5      | Noticed Eustachio
  4843 | D:5      | Killed Eustachio
  4843 | D:5      | Reached skill level 1 in Fighting
  4843 | D:5      | Reached XP level 8. HP: 61/64 MP: 11/20
  5040 | D:5      | Found a radiant altar of Vehumet.
  5138 | D:5      | Noticed an ice beast
  5152 | D:5      | Killed an ice beast
  5304 | D:5      | Your ally Eustachio died
  5771 | D:6      | Reached skill level 7 in Necromancy
  6050 | D:6      | Noticed a centaur
  6058 | D:6      | Killed a centaur
  6493 | D:6      | Acquired Kikubaaqudgha's third power
  6588 | D:7      | Learned a level 4 spell: Animate Dead
  6688 | D:7      | Noticed Ijyb
  6699 | D:7      | Killed Ijyb
  6782 | D:7      | Found Qaufuj's Antique Armour Emporium.
  6836 | D:7      | Your ally Ijyb died
  6927 | D:6      | Learned a level 4 spell: Control Undead
  7015 | D:7      | Found an iron altar of Okawaru.
  7015 | D:7      | Found a bloodstained altar of Trog.
  7124 | D:7      | Gained mutation: You passively map the area around you. [level up]
  7124 | D:7      | Reached XP level 9. HP: 53/73 MP: 4/23
  7395 | D:7      | Learned a level 5 spell: Dispel Undead
  7512 | D:7      | Found a staircase to the Ecumenical Temple.
  7559 | D:7      | Noticed Crazy Yiuf
  7562 | D:7      | Killed Crazy Yiuf
  7781 | D:8      | Reached skill level 8 in Necromancy
  8973 | D:9      | Found a stormy altar of Qazlal.
  9107 | D:9      | Noticed Grum
  9116 | D:9      | Reached skill level 9 in Necromancy
  9175 | D:9      | Killed Grum
  9245 | D:9      | Reached XP level 10. HP: 32/84 MP: 13/26
  9380 | D:9      | Learned a level 5 spell: Cigotuvi's Embrace
  9469 | D:9      | Found a runed door.
 10280 | D:9      | Acquired Kikubaaqudgha's fourth power
 10543 | D:10     | Entered Level 10 of the Dungeon
 10680 | D:10     | Noticed Nergalle
 10793 | D:10     | Found a large runed door.
 10793 | D:10     | Found a large runed door.
 10829 | D:10     | Noticed a brown ugly thing
 10885 | D:10     | Reached skill level 1 in Evocations
 11049 | D:10     | Found a staircase to the Orcish Mines.
 11129 | D:10     | Reached skill level 10 in Necromancy
 11329 | D:10     | Noticed Harold
 11573 | D:11     | Found a shadowy altar of Dithmenos.
 11784 | Orc:1    | Entered Level 1 of the Orcish Mines
 12455 | Orc:1    | Reached skill level 1 in Shields
 12943 | Orc:2    | Reached XP level 11. HP: 44/92 MP: 15/28
 13084 | Orc:2    | Noticed an orc sorcerer
 13092 | Orc:2    | Gained mutation: You are clumsy. (Dex -2) [a neqoxec]
 13095 | Orc:2    | Killed an orc sorcerer
 13187 | Orc:2    | Found a roughly hewn altar of Beogh.
 13253 | Orc:2    | Noticed an orc knight
 13291 | Orc:2    | Killed an orc knight
 13439 | Orc:2    | Noticed an orc high priest
 13524 | Orc:2    | Killed an orc high priest
 13524 | Orc:2    | Reached skill level 11 in Necromancy
 13558 | Orc:2    | Gained mutation: You are partially covered in large bone plates (AC +2, SH +2). [potion of mutation]
 13558 | Orc:2    | Lost mutation: You are clumsy. (Dex -2) [potion of mutation]
 13558 | Orc:2    | Gained mutation: Your muscles are strong. (Str +2) [potion of mutation]
 13684 | Orc:2    | Found a roughly hewn altar of Beogh.
 14139 | Orc:3    | Reached skill level 5 in Dodging
 14295 | Orc:3    | Noticed Nessos
 14536 | D:11     | Noticed a cyclops
 14754 | D:11     | Reached skill level 1 in Axes
 14795 | D:11     | Found a staircase to the Lair.
 15020 | Lair:1   | Entered Level 1 of the Lair of Beasts
 15252 | Lair:1   | Reached skill level 10 in Spellcasting
 15848 | Lair:2   | Identified the Incunabulum of Translocation
 15853 | Lair:2   | Learned a level 3 spell: Teleport Other
 16284 | Lair:2   | Reached skill level 5 in Fighting
 16555 | Lair:2   | Reached skill level 1 in Translocations
 16635 | Lair:2   | Reached XP level 12. HP: 101/103 MP: 22/29
 16722 | Lair:2   | Reached skill level 12 in Necromancy
 17143 | Lair:3   | Reached skill level 10 in Stealth
 17959 | Lair:4   | Got a steaming quarterstaff
 17960 | Lair:4   | Identified the +3 quarterstaff "Pliapp" {venom, -Cast +Blink rElec rPois rN+ MP+9} (You found it on level 4 of the Lair of Beasts)
 18091 | Lair:4   | Found a hole to the Spider Nest.
 19219 | Lair:5   | Noticed Maud
 19243 | Lair:5   | Killed Maud
 20004 | Lair:6   | Found a staircase to the Slime Pits.
 20273 | Lair:6   | Found a frozen archway.
 20274 | Lair:6   | Noticed an ice dragon
 20286 | Lair:6   | Reached skill level 13 in Necromancy
 20355 | Lair:6   | Found a staircase to the Swamp.
 20600 | Lair:6   | Got a slimy flail
 20641 | Lair:6   | Identified the +9 flail "Vutuoki" {pain, rN+} (You found it on level 6 of the Lair of Beasts)
 21056 | D:11     | Noticed a brown ugly thing
 21467 | D:11     | Reached XP level 13. HP: 84/109 MP: 8/31
 21475 | D:11     | Killed a cyclops
 21631 | D:10     | Killed Nergalle
 21940 | Orc:3    | Killed Nessos
 22114 | Orc:3    | Noticed Fannar
 22133 | Orc:3    | Killed Fannar
 22213 | Orc:4    | Entered Level 4 of the Orcish Mines
 22326 | Orc:4    | Found a staircase to the Elven Halls.
 22667 | Orc:4    | Found Gacohaut's Weapon Shoppe.
 22682 | Orc:4    | Paralysed by an ogre mage for 7 turns
 22687 | Orc:4    | Mangled by a troll

Action                   |  1- 3 |  4- 6 |  7- 9 | 10-12 | 13-15 || total
-------------------------+-------+-------+-------+-------+-------++-------
Melee: Club              |    33 |       |       |       |       ||    33
       Unarmed           |     1 |       |       |       |       ||     1
       Spear             |    29 |   124 |   123 |   211 |       ||   487
       Rapier            |       |       |    73 |       |       ||    73
       Hand axe          |       |       |       |   741 |   155 ||   896
Throw: Stone             |     3 |     1 |     9 |     6 |       ||    19
       Javelin           |       |       |       |     6 |     3 ||     9
 Cast: Pain              |    50 |    45 |   170 |   221 |    30 ||   516
       Animate Skeleton  |    10 |    21 |    15 |       |       ||    46
       Vampiric Draining |     2 |    27 |    90 |   288 |    40 ||   447
       Animate Dead      |       |       |    16 |    86 |    11 ||   113
       Control Undead    |       |       |     1 |     5 |       ||     6
       Dispel Undead     |       |       |     1 |     3 |       ||     4
       Cigotuvi's Embrac |       |       |       |     7 |       ||     7
       Teleport Other    |       |       |       |     3 |       ||     3
Invok: Receive Corpses   |       |       |       |     3 |       ||     3
 Abil: Device Recharging |       |       |       |     1 |       ||     1
Evoke: Wand              |       |     4 |     3 |    25 |     7 ||    39
  Use: Potion            |       |    12 |     2 |     5 |       ||    19
       Scroll            |       |       |    11 |    18 |     1 ||    30
 Stab: Sleeping          |     1 |       |     3 |    19 |     1 ||    24
       Distracted        |       |       |     1 |     5 |     2 ||     8
  Eat: Chunk             |     4 |     9 |    14 |    22 |     4 ||    53
       Bread ration      |       |       |     2 |     5 |       ||     7
       Beef jerky        |       |       |     1 |     2 |       ||     3
       Fruit             |       |       |       |     5 |     1 ||     6
       Royal jelly       |       |       |       |     1 |       ||     1
